 Dungeon Crawl Stone Soup version 0.22-a0-348-gd16d139 (webtiles) character file.

406 matakusis the Caller (level 6, -16/32 HPs)
             Began as a Deep Elf Summoner on Apr 6, 2018.
             Shot with an arrow by a centaur (17 damage)
             ... on level 6 of the Dungeon on Apr 7, 2018.
             The game lasted 00:18:33 (3565 turns).

matakusis the Caller (Deep Elf Summoner)            Turns: 3565, Time: 00:18:34

Health: -16/32     AC:  6    Str:  7 (8)  XL:     6   Next: 56%
Magic:  7/15       EV: 14    Int: 20 (22) God:
Gold:   286        SH:  0    Dex: 13 (15) Spells: 4/15 levels left

rFire    . . .     SeeInvis .   u - +1 short sword (venom)
rCold    + . .     Gourm    .   (no shield)
rNeg     . . .     Faith    .   f - +2 leather armour {rC+}
rPois    .         Spirit   .   (no helmet)
rElec    .         Reflect  .   (no cloak)
rCorr    .         Harm     .   p - +0 pair of gloves
MR       .....                  (no boots)
Stlth    ++........             (no amulet)
HPRegen  0.10/turn              e - +3 ring of strength
MPRegen  0.14/turn              i - +1 ring of evasion

@: no status effects
A: no striking features
a: no special abilities


You were on level 6 of the Dungeon.
You were not hungry.

You visited 1 branch of the dungeon, and saw 6 of its levels.

You collected 286 gold pieces.

Inventory:

Hand Weapons
 k - a +1 vampiric short sword
 u - a +1 short sword of venom (weapon)
Missiles
 g - 54 arrows
Armour
 a - a +1 robe
 f - a +2 leather armour of cold resistance (worn)
 l - a +0 robe
 p - a +0 pair of gloves (worn)
Jewellery
 e - a +3 ring of strength (left hand)
 i - a +1 ring of evasion (right hand)
Wands
 d - a wand of polymorph (17)
 n - a wand of digging (15)
 v - a wand of acid (5)
Scrolls
 b - 2 scrolls of enchant weapon
 h - 4 scrolls of teleportation
 r - a scroll of remove curse
 t - a scroll of enchant armour
 w - a scroll of magic mapping
 x - a scroll of amnesia
Potions
 j - a potion of curing
 m - 2 potions of flight
 o - 2 potions of agility
Comestibles
 c - 5 rations


   Skills:
 * Level 3.7 Dodging
 - Level 2.4 Stealth
 + Level 5.2 Spellcasting
 * Level 7.1 Summonings
 * Level 1.7 Ice Magic


You had 4 spell levels left.
You knew the following spells:

 Your Spells              Type           Power        Failure   Level  Hunger
a - Summon Small Mammal   Summ           ####         1%          1    None
b - Call Imp              Summ           ####....     1%          2    None
c - Summon Ice Beast      Ice/Summ       ###.....     26%         4    ####...
d - Summon Lightning Spi  Summ/Air       ###.....     36%         4    ####...


Dungeon Overview and Level Annotations

Branches:
Dungeon (6/15)
 Temple: D:4-7

Altars:
Elyvilon
Fedhas


Message History

The centaur unwields an uncursed shortbow.
The centaur hits your lightning spire but does no damage.
Your lightning spire shoots out a bolt of lightning at the centaur!
The bolt of electricity hits the centaur.
Unknown command.
Casting: Summon Lightning Spire (quite dangerous; 36% risk of failure)
Confirm with . or Enter, or press ? or * to list all spells.
A chill wind blows around you.
The centaur wields an uncursed shortbow.
The centaur shoots an arrow.
The arrow hits your lightning spire.
Your lightning spire is destroyed!
There isn't anything here!
The centaur shoots an arrow.
The arrow closely misses you.
The centaur shoots an arrow.
The arrow hits you!
* * * LOW HITPOINT WARNING * * *
You see here an arrow.
The centaur shoots an arrow.
The arrow barely misses your ice beast. The arrow hits you!
Ouch! That really hurt!
You die...

#.## #####.# #. #...
......#### #.#####..#
#.........# ........#
#.........# ......#.c#
#.........#
#.##..#.(#####.........#
#........(...'..........
.......Y.#.###..<...(...
.##...@(#.###..........
#....................
#.....#.##......<....
.......(#.##...........
#......###.##...........
#.##... ..##...........
# .... #..#+######.
#.... #.. . ...


You could see a centaur and a friendly ice beast.

Vanquished Creatures
  A bullfrog zombie (D:5)
  An adder (D:5)
  A bat (D:1)
3 creatures vanquished.

Vanquished Creatures (collateral kills)
  A sky beast (D:5)
  A scorpion (D:5)
  2 crimson imps (D:5)
  A hound (D:4)
  3 jellies (D:2)
  Terence (D:3)
  Jessica (D:3)
  3 iguanas (D:4)
  3 worker ants
  A hound skeleton (D:4)
  2 adders (D:5)
  10 oozes
  2 adder skeletons (D:5)
  3 worms
  2 dart slugs
  3 leopard geckos
  2 orcs
  7 giant cockroaches
  6 goblins
  6 hobgoblins
  4 quokkas
  A ball python (D:1)
  4 bats
  6 frilled lizards
  11 kobolds
  2 leopard gecko skeletons (D:4)
  7 rats
  A fungus (D:2)
96 creatures vanquished.

Vanquished Creatures (others)
  3 fungi (D:2)
  8 toadstools (D:2)
11 creatures vanquished.

Grand Total: 110 creatures vanquished

Notes
Turn   | Place    | Note
-------+----------+-------------------------------------------
     0 | D:1      | matakusis the Deep Elf Summoner began the quest for the Orb.
     0 | D:1      | Reached XP level 1. HP: 10/10 MP: 6/6
   273 | D:1      | Reached XP level 2. HP: 15/15 MP: 5/8
   277 | D:1      | Learned a level 2 spell: Call Imp
   501 | D:1      | Reached skill level 5 in Summonings
   771 | D:2      | Upgraded the game from 0.22-a0-346-ga714374 to 0.22-a0-348-gd16d139
   968 | D:2      | Reached XP level 3. HP: 19/19 MP: 6/9
  1088 | D:2      | Reached XP level 4. HP: 24/24 MP: 8/11
  1094 | D:2      | Learned a level 4 spell: Summon Ice Beast
  1174 | D:2      | Learned a level 4 spell: Summon Lightning Spire
  1506 | D:3      | Noticed Jessica
  1520 | D:3      | Killed Jessica
  1520 | D:3      | Reached skill level 6 in Summonings
  1660 | D:3      | Noticed Terence
  1676 | D:3      | Killed Terence
  1676 | D:3      | Reached XP level 5. HP: 28/28 MP: 9/13
  1949 | D:3      | Reached skill level 1 in Ice Magic
  2823 | D:5      | Entered Level 5 of the Dungeon
  2916 | D:5      | Found a blossoming altar of Fedhas.
  2961 | D:5      | Noticed a sky beast
  2982 | D:5      | Killed a sky beast
  2982 | D:5      | Reached XP level 6. HP: 26/32 MP: 7/15
  2998 | D:5      | Found a white marble altar of Elyvilon.
  3213 | D:5      | Reached skill level 5 in Spellcasting
  3213 | D:5      | Reached skill level 7 in Summonings
  3564 | D:6      | HP: 1/32 [centaur/arrow (11)]
  3565 | D:6      | Shot with an arrow by a centaur

Vault maps used:
D:1:      minmay_arrival_hallway, hangedman_decor_growths
D:2:      cheibrodos_fertilizer, first_ration
D:3:      serial_bayou_pond_c, uniq_terence, uniq_jessica
D:5:      grunt_temple_overflow_open
D:6:      serial_shops, nicolae_shop_crystal, uniq_blork_the_orc

Skill      XL: |  1  2  3  4  5  6 |
---------------+-------------------+-----
Summonings     | 5 6 7 |  7.1
Dodging        | 3 |  3.7
Spellcasting   | 4 5 |  5.2
Ice Magic      | 1 |  1.7
Stealth        | |  2.4

Action                   |  1- 3 |  4- 6 || total
-------------------------+-------+-------++-------
Melee: Unarmed           |    23 |    11 ||    34
       Short sword       |       |    10 ||    10
 Cast: Summon Small Mamm |    17 |       ||    17
       Call Imp          |    21 |    46 ||    67
       Summon Lightning  |       |     3 ||     3
       Summon Ice Beast  |       |     2 ||     2
  Use: Scroll            |     3 |     9 ||    12
       Potion            |       |     2 ||     2
 Stab: Distracted        |     1 |       ||     1
       Sleeping          |       |     1 ||     1
  Eat: Chunk             |     1 |     9 ||    10
Armor: Leather armour    |     9 |    13 ||    22
       Robe              |     3 |       ||     3
Dodge: Dodged            |    40 |    24 ||    64

Table legend:
 A = Spawn XP
 B = Non-spawn XP
 C = Spawn XP percentage of total XP
 D = Spawn monster count
 E = Non-spawn monster count
 F = Spawn count percentage of total count
 G = Total turns spent on level
                    A         B        C        D         E        F      G
               +---------+---------+-------+---------+---------+-------+---------
         Total |       0 |     580 |   0.0 |       0 |      98 |   0.0 |  3565
               +---------+---------+-------+---------+---------+-------+---------
           D:1 |       0 |      26 |   0.0 |       0 |      21 |   0.0 |   712
           D:2 |       0 |     134 |   0.0 |       0 |      37 |   0.0 |   794
           D:3 |       0 |      51 |   0.0 |       0 |      13 |   0.0 |   730
           D:4 |       0 |     131 |   0.0 |       0 |      13 |   0.0 |   587
           D:5 |       0 |     238 |   0.0 |       0 |      14 |   0.0 |   720
               +---------+---------+-------+---------+---------+-------+---------
